 Dungeon Crawl Stone Soup version 0.27-a0-1217-g8a41f320e8 (webtiles) character file.

Game seed: 14511297156609043732

5509 Delamore the Spear-Bearer (level 11, -3/79 HPs)
             Began as a Formicid Fighter on June 6, 2021.
             Was an Initiate of Gozag.
             Slain by a two-headed ogre
             ... wielding a +0 dire flail
              (17 damage)
             ... on level 8 of the Dungeon.
             The game lasted 00:17:00 (13944 turns).

Delamore the Spear-Bearer (Formicid Fighter)       Turns: 13944, Time: 00:17:00

Health: -3/79      AC: 12    Str: 25    XL:     11   Next: 1%
Magic:  11/11      EV:  7    Int:  7    God:    Gozag
Gold:   1217       SH: 12    Dex: 10    Spells: 10/10 levels left

rFire    . . .     SeeInvis +   a - +0 trident (vorpal)
rCold    . . .     Faith    .   c - +1 kite shield
rNeg     . . .     Spirit   .   f - +0 chain mail
rPois    .         Reflect  .   (helmet unavailable)
rElec    .         Harm     .   w - +0 cloak
rCorr    .         Rampage  .   j - +0 pair of gloves
Will     +....                  x - +0 pair of boots
Stlth    ..........             (no amulet)
HPRegen  0.23/turn              (no ring)
MPRegen  0.12/turn              (no ring)

@: no status effects
A: permanent stasis, dig shafts and tunnels, antennae 3, four strong arms
a: Dig, Shaft Self, Renounce Religion, Potion Petition, Call Merchant, Bribe
Branch


You were on level 8 of the Dungeon.
You worshipped Gozag.
Gozag was most pleased with you.
You visited 2 branches of the dungeon, and saw 10 of its levels.

You collected 1282 gold pieces.
You paid 65 gold pieces to Gozag.

Inventory:

Hand Weapons
 a - a +0 vorpal trident (weapon)
 y - a +0 glaive
Missiles
 b - 2 curare-tipped darts
 o - 25 poisoned darts (quivered)
 E - 7 boomerangs
Armour
 c - a +1 kite shield (worn)
 e - a +0 plate armour
 f - a +0 chain mail (worn)
 j - a +0 pair of gloves (worn)
 w - a +0 cloak (worn)
 x - a +0 pair of boots (worn)
 A - a +3 chain mail
Jewellery
 C - a ring of see invisible
Wands
 i - a wand of iceblast (12)
 s - a wand of flame (39)
 D - a wand of acid (5)
Scrolls
 p - a scroll of magic mapping
 r - a scroll of fog
 u - 4 scrolls of identify
Potions
 d - 3 potions of might
 g - a potion of brilliance
 h - 3 potions of curing
 k - 2 potions of resistance
 l - 3 potions of berserk rage
 m - 2 potions of attraction
 n - 3 potions of flight
 q - a potion of heal wounds {unknown}
 t - a potion of ambrosia {unknown}
 v - 2 potions of invisibility {unknown}
 z - a potion of cancellation {unknown}
 B - a potion of mutation {unknown}


   Skills:
 - Level 5.0 Fighting
 * Level 13.9 Polearms
 - Level 3.2 Armour
 - Level 7.0 Shields


You had 10 spell levels left.
You didn't know any spells.
Your spell library contained the following spells:

 Spells                   Type           Power      Damage    Failure   Level
 Animate Skeleton         Necr           0%         N/A       99%         1
 Foxfire                  Conj/Fire      0%         2x1d4     99%         1
 Pain                     Necr           0%         1d4       99%         1
 Shock                    Conj/Air       0%         1d3       99%         1
 Sting                    Tmut/Pois      0%         1d3       99%         1
 Summon Small Mammal      Summ           0%         N/A       99%         1
 Call Imp                 Summ           0%         N/A       100%        2
 Poisonous Vapours        Pois/Air       0%         N/A       100%        2
 Static Discharge         Conj/Air       0%         N/A       100%        2
 Call Canine Familiar     Summ           0%         N/A       100%        3
 Conjure Flame            Conj/Fire      0%         6-21      100%        3
 Ignite Poison            Fire/Tmut/Pois 0%         N/A       100%        3
 Inner Flame              Hex/Fire       0%         N/A       100%        3
 Mephitic Cloud           Conj/Pois/Air  0%         N/A       100%        3
 Summon Guardian Golem    Hex/Summ       0%         N/A       100%        3
 Vampiric Draining        Necr           0%         2d6       100%        3
 Airstrike                Air            0%         N/A       100%        4
 Animate Dead             Necr           0%         N/A       100%        4
 Olgreb's Toxic Radiance  Pois           0%         N/A       100%        4
 Sticky Flame             Conj/Fire      0%         2d3       100%        4
 Summon Ice Beast         Ice/Summ       0%         N/A       100%        4
 Summon Lightning Spire   Summ/Air       0%         N/A       100%        4
 Agony                    Necr           0%         N/A       100%        5
 Fireball                 Conj/Fire      0%         3d3       100%        5
 Lightning Bolt           Conj/Air       0%         1d11      100%        5
 Swiftness                Air            Unusable   N/A       N/A         3

Dungeon Overview and Level Annotations

Branches:
Dungeon (9/15)             Temple (1/1) D:5
   Lair: D:8-11         Orc: D:9-12

Altars:
Ashenzari
Cheibriados
Dithmenos
Gozag
Hepliaklqana
Kikubaaqudgha
Nemelex Xobeh
Okawaru
Qazlal
Ru
Sif Muna
Uskayaw
Vehumet
Wu Jian
Yredelemnul
Zin

Annotations:
D:3 Purgy
D:5 2 transporters
D:9 1 runed translucent door, philipeq's ghost, novice DsFi


Innate Abilities, Weirdness & Mutations

You cannot be hasted, slowed, berserked, paralysed or teleported.
You can dig through walls and to a lower floor.
You have a pair of large antennae on your head. (SInv)
Your four strong arms can wield two-handed weapons with a shield.


Message History

You hit the two-headed ogre.
The two-headed ogre is heavily wounded.
The two-headed ogre hits you with a +0 dire flail!!
You block the two-headed ogre's attack.
You are too injured to fight recklessly!
You are too injured to fight recklessly!
You are too injured to fight recklessly!
You are too injured to fight recklessly!
There is a stone staircase leading up here.
Okay, then.
Okay, then.
You extend your mandibles.
You dig through the rock wall.
You dig through the rock wall.
You dig through the rock wall.
The two-headed ogre hits you with a +0 dire flail!
The two-headed ogre hits you with a +0 giant club.
You dig through the rock wall.
You dig through the rock wall.
You dig through the rock wall.
You retract your mandibles.
You see here a scroll of teleportation.
You see here a +0 falchion.
As you read the scroll of fog, it crumbles to dust.
The scroll dissolves into smoke.
You block the two-headed ogre's attack.
The two-headed ogre hits you with a +0 giant club!
Okay, then.
There is a stone staircase leading up here.
You block the two-headed ogre's attack.
The two-headed ogre hits you with a +0 giant club.
You climb upwards.
There is a stone staircase leading down here.
Are you sure you want to shaft yourself?
The two-headed ogre hits you with a +0 dire flail!
The two-headed ogre hits you with a +0 giant club!!
* * * LOW HITPOINT WARNING * * *
You begin to dig a shaft.
You continue digging a shaft.
The two-headed ogre hits you with a +0 dire flail!
You die...
Your body crumbles into a pile of gold.

####...#
##.....#.....#.### #.
.##...##
##.(..<#.###....# ##.
.....##
##.#...#.##...#.## ##.#
.....#
#o##...####.....# ##.##
.....#
##.##..#.#####..####.##
..>..## ##.#...#.##
##..##.## ......#
##.#..##.## ##...#####
..##..## ####..##.##
##..###.# .#####.##
#@.###.###.#.....# ##
##.##
##O.###.#.####...# #
##.## ##..###.## #....
#..## ##..#### #..## ##
##..## ##..## ##.## .##
##<.# ##..#####.## #)#
##...# ##...##..# .##
###....## ##>....##
######.......## ##...##


You could see a two-headed ogre.

Vanquished Creatures
  Pikel (D:8)
  A hornet (D:9)
  37 dancing weapons
  4 yaks (D:8)
  A wraith (D:7)
  A wyvern (D:8)
  A steam dragon (D:7)
  2 vampire mosquitoes (D:9)
  2 water moccasins
  A sky beast (D:7)
  3 orc warriors
  2 ogres
  2 centaurs
  2 necrophages
  A lemure (D:8)
  2 phantoms
  A wyvern zombie (D:7)
  A gnoll sergeant (D:8)
  3 bullfrogs
  2 scorpions
  6 killer bees (D:7)
  12 wights
  5 howler monkeys
  3 centaur zombies
  Crazy Yiuf (D:4)
  A jelly (D:5)
  2 orc priests (D:9)
  2 hounds (D:6)
  Terence (D:3)
  2 iguanas
  10 orc wizards
  3 killer bee zombies
  A hound zombie (D:5)
  A howler monkey zombie (D:9)
  A mummy (D:8)
  Robin (D:2)
  8 gnolls
  6 adders
  2 shadow imps
  An ufetubus (D:4)
  An adder skeleton (D:4)
  4 dart slugs
  17 orcs
  4 bats
  9 endoplasms
  2 giant cockroaches
  13 goblins
  10 hobgoblins
  3 quokkas
  6 ball pythons
  5 frilled lizards
  A goblin zombie (D:8)
  10 kobolds
  A kobold zombie (D:8)
  7 rats
232 creatures vanquished.

Vanquished Creatures (others)
  An orc wizard (D:9)
  3 fungi
  6 plants (D:9)
10 creatures vanquished.

Grand Total: 242 creatures vanquished

Notes
Turn   | Place    | Note
-------+----------+-------------------------------------------
     0 | D:1      | Delamore the Formicid Fighter began the quest for the Orb.
     0 | D:1      | Reached XP level 1. HP: 18/18 MP: 1/1
   239 | D:1      | Reached XP level 2. HP: 21/24 MP: 2/2
   838 | D:1      | Reached XP level 3. HP: 29/29 MP: 3/3
  1219 | D:2      | Found a shadowy altar of Dithmenos.
  1314 | D:2      | Reached skill level 3 in Polearms
  1452 | D:2      | Reached XP level 4. HP: 37/37 MP: 4/4
  1849 | D:3      | Noticed Robin
  2188 | D:2      | Killed Robin
  2333 | D:3      | Noticed Purgy
  2626 | D:3      | Found a stormy altar of Qazlal.
  2635 | D:3      | Reached XP level 5. HP: 42/42 MP: 5/5
  2831 | D:3      | Found a shimmering blue altar of Sif Muna.
  2848 | D:3      | Reached skill level 4 in Polearms
  3321 | D:3      | Noticed Terence
  3331 | D:3      | Killed Terence
  3332 | D:3      | Reached XP level 6. HP: 37/49 MP: 6/6
  3445 | D:3      | Found a faded altar of an unknown god.
  3552 | D:3      | Became a worshipper of the Wu Jian Council
  3552 | D:3      | Reached * piety under Wu Jian
  3620 | D:4      | Reached skill level 5 in Shields
  3845 | D:4      | Reached skill level 5 in Polearms
  4005 | D:4      | Found a runed translucent door.
  4006 | D:4      | Noticed Crazy Yiuf
  4108 | D:4      | Found a sparkling altar of Nemelex Xobeh.
  4209 | D:4      | Killed Crazy Yiuf
  4210 | D:4      | Reached XP level 7. HP: 47/55 MP: 7/7
  4277 | D:5      | Entered Level 5 of the Dungeon
  4277 | D:5      | Found a staircase to the Ecumenical Temple.
  4308 | Temple   | Entered the Ecumenical Temple
  4323 | Temple   | Fell from the grace of Wu Jian
  4323 | Temple   | Became a worshipper of Gozag Ym Sagoz the Greedy
  4346 | D:5      | Found a transporter.
  4413 | D:5      | Reached skill level 5 in Fighting
  4927 | D:5      | Found an ancient bone altar of Kikubaaqudgha.
  5081 | D:5      | Noticed a +0 vorpal rapier
  5081 | D:5      | Noticed a +2 broad axe of flaming
  5081 | D:5      | Noticed a +2 glaive of freezing
  5081 | D:5      | Noticed a +1 rapier of freezing
  5101 | D:4      | Killed a +1 rapier of freezing
  5134 | D:4      | Killed a +2 broad axe of flaming
  5140 | D:5      | Killed a +0 vorpal rapier
  5183 | D:5      | Killed a +2 glaive of freezing
  5206 | D:5      | Noticed a +1 vorpal quarterstaff
  5206 | D:5      | Noticed a +3 glaive of freezing
  5206 | D:5      | Noticed a +2 broad axe of flaming
  5206 | D:5      | Noticed a +2 quarterstaff of speed
  5206 | D:5      | Noticed a +0 vorpal quarterstaff
  5211 | D:5      | Killed a +0 vorpal quarterstaff
  5223 | D:4      | Killed a +1 vorpal quarterstaff
  5411 | D:4      | Killed a +2 quarterstaff of speed
  5420 | D:4      | Killed a +2 broad axe of flaming
  5675 | D:5      | Killed a +3 glaive of freezing
  5821 | D:5      | Found a transporter.
  5826 | D:5      | Noticed a fire bat
  5827 | D:5      | Noticed a fire bat
  5827 | D:5      | Noticed a fire bat
  5829 | D:5      | Noticed a +1 dire flail of speed
  5829 | D:5      | Noticed a +2 glaive of electrocution
  5829 | D:5      | Noticed a +3 rapier of electrocution
  5840 | D:5      | Killed a +1 dire flail of speed
  5882 | D:5      | Killed a +2 glaive of electrocution
  5887 | D:5      | Killed a +3 rapier of electrocution
  5896 | D:5      | Noticed a +4 broad axe of electrocution
  5896 | D:5      | Noticed a +1 rapier of freezing
  5896 | D:5      | Noticed a +0 great sword of freezing
  6161 | D:4      | Reached skill level 6 in Polearms
  6265 | D:5      | Killed a +4 broad axe of electrocution
  6330 | D:5      | Killed a +1 rapier of freezing
  6332 | D:5      | Killed a +0 great sword of freezing
  6579 | D:5      | Reached XP level 8. HP: 51/62 MP: 8/8
  6784 | D:6      | Reached skill level 7 in Polearms
  7100 | D:6      | Found a glowing silver altar of Zin.
  7185 | D:6      | Noticed a +3 quarterstaff of electrocution
  7185 | D:6      | Noticed a +3 broad axe of freezing
  7204 | D:6      | Killed a +3 broad axe of freezing
  7306 | D:6      | Killed a +3 quarterstaff of electrocution
  7538 | D:6      | Noticed a +4 vorpal broad axe
  7538 | D:6      | Noticed a +3 dire flail of flaming
  7550 | D:7      | Killed a +3 dire flail of flaming
  7592 | D:7      | Killed a +4 vorpal broad axe
  7631 | D:7      | Noticed a +4 rapier of flaming
  7639 | D:7      | Killed a +4 rapier of flaming
  7648 | D:7      | Noticed a +0 quarterstaff of electrocution
  7648 | D:7      | Noticed a +4 vorpal dire flail
  7648 | D:7      | Noticed a +4 rapier of flaming
  7953 | D:5      | Noticed a +2 dire flail of freezing
  7953 | D:5      | Noticed a +4 quarterstaff of speed
  7957 | D:6      | Killed a +2 dire flail of freezing
  8420 | D:5      | Killed a +4 quarterstaff of speed
  8507 | D:6      | Killed a +4 rapier of flaming
  8572 | D:7      | Reached skill level 8 in Polearms
  8795 | D:6      | Killed a +0 quarterstaff of electrocution
  8815 | D:6      | Killed a +4 vorpal dire flail
  8831 | D:7      | Noticed a wraith
  8844 | D:7      | Killed a wraith
  8845 | D:7      | Reached skill level 9 in Polearms
  8845 | D:7      | Reached XP level 9. HP: 65/68 MP: 9/9
  9219 | D:6      | Was forgiven by Wu Jian
 10476 | D:7      | Reached skill level 10 in Polearms
 11018 | D:7      | Found a broken altar of Ashenzari.
 11206 | D:7      | Reached skill level 11 in Polearms
 11504 | D:8      | Reached XP level 10. HP: 71/74 MP: 10/10
 11782 | D:8      | Reached skill level 12 in Polearms
 12183 | D:8      | Noticed Pikel
 12222 | D:8      | Killed Pikel
 12808 | D:8      | Reached skill level 13 in Polearms
 13547 | D:9      | Reached XP level 11. HP: 50/79 MP: 11/11
 13697 | D:9      | Found a runed translucent door.
 13697 | D:9      | Identified the +9 trident of Anguish {vamp, Will- Int+10}
 13697 | D:9      | Noticed philipeq's ghost (novice DsFi)
 13758 | D:9      | Noticed a two-headed ogre
 13944 | D:8      | Slain by a two-headed ogre

Illustrated notes

Levels and vault maps discovered:
D:1:      dpeg_arrival_radiant, layout_basic, minmay_misc_feat_cross,
          minmay_box_of_dots
D:2:      layout_loops_ring, basic_altar, serial_park_tiny_pond
D:3:      layout_basic, overflow_temple_1_default, kennysheep_orc_sif_temple,
          hellmonk_ecumenical_altar_inner_sanctum, uniq_robin, uniq_purgy,
          uniq_terence
D:4:      layout_rooms, nemelex_spade_bored_becter, uniq_crazy_yiuf_cottage
D:5:      gammafunk_cloud_chamber, layout_basic, lemuel_doored_altar,
          temple_fountains, kennysheep_donut, hangedman_abyss_or_decor_stagger
D:6:      layout_basic, old_standard_altar, kennysheep_small_square
D:7:      layout_loops_ring, lemuel_crystal_altar
D:8:      layout_layer_cave, nicolae_ossuary_entry_giza, hangedman_decor_push,
          uniq_pikel
D:9:      layout_rooms, general_overflow_altar, kennysheep_mini_moat,
          ebering_ghost_funeral_grove
Temple:   eino_temple_lava

Skill      XL: |  1  2  3  4  5  6  7  8  9 10 |
---------------+-------------------------------+-----
Shields        | 4 5 6 7 |  7.0
Polearms       | 3 4 5 6 9 11 13 | 13.9
Fighting       | 4 5 |  5.0
Armour         | |  3.2

Action                   |  1- 3 |  4- 6 |  7- 9 | 10-12 || total
-------------------------+-------+-------+-------+-------++-------
Melee: Trident           |   114 |   223 |   521 |   275 ||  1133
Throw: Dart              |       |       |     6 |       ||     6
 Abil: Dig               |       |     5 |    26 |     4 ||    35
       Shaft Self        |       |       |       |     1 ||     1
  Use: Scroll            |     4 |     2 |    11 |     2 ||    19
 Stab: Distracted        |       |       |     2 |       ||     2
Armor: Scale mail        |     5 |       |       |       ||     5
       Chain mail        |    51 |   132 |   113 |    45 ||   341
Dodge: Dodged            |    31 |    72 |    94 |    29 ||   226
Block: Kite shield       |    54 |   132 |   216 |    93 ||   495

Table legend: (Time is in decaauts)
 A = Elapsed time spent in this place.
 B = Non-inter-level travel time spent in this place.
 C = Inter-level travel time spent in this place.
 D = Time resting spent in this place.
 E = Time spent auto-exploring this place.
 F = Levels seen in this place.
 G = Mean time per level.
                   A        B        C        D        E       F      G
               +--------+--------+--------+--------+--------+-----+--------+
         Total |  14030 |  13621 |    409 |   5221 |   5728 |  10 | 1403.0 |
       Dungeon |  14005 |  13609 |    396 |   5221 |   5719 |   9 | 1556.1 |
        Temple |     24 |     11 |     13 |      0 |      9 |   1 |   24.0 |
               +--------+--------+--------+--------+--------+-----+--------+

Top non-repeatable levels by time:
     D:6: 2348 daAuts
     D:7: 1954 daAuts
     D:8: 1949 daAuts
     D:5: 1778 daAuts
     D:4: 1602 daAuts
     D:3: 1334 daAuts
     D:2: 1316 daAuts
     D:1: 1150 daAuts
     D:9: 568 daAuts
  Temple: 24 daAuts
